 Dungeon Crawl Stone Soup version 0.18.1-5-g4a78601 (webtiles) character file.

403 epen the Cudgeler (level 6, -3/37 HPs)
             Began as a Gargoyle Gladiator on May 13, 2016.
             Slain by an ogre
             ... wielding a +0 giant spiked club
              (14 damage)
             ... on level 4 of the Dungeon.
             The game lasted 00:05:19 (2849 turns).

epen the Cudgeler (Gargoyle Gladiator)              Turns: 2849, Time: 00:05:20

Health: -3/37      AC: 19    Str: 21    XL:     6   Next: 86%
Magic:  15/15      EV:  7    Int:  8    God:
Gold:   193        SH:  0    Dex: 10    Spells: 0 memorised, 5 levels left

rFire  . . .     SeeInvis +     c - +0 whip (venom)
rCold  . . .     Gourm    .     s - +0 plate armour
rNeg   + . .     Faith    .     (no shield)
rPois  ∞         Spirit   .     A - +0 helmet
rElec  +         Dismiss  .     (no cloak)
rCorr  .         Reflect  .     y - +2 pair of gloves
SustAt .         Harm     .     (no boots)
MR     .....                    (no amulet)
Stlth  ..........               t - ring of see invisible
                                k - ring of magical power

@: not resistant to hostile enchantments, extremely unstealthy
A: negative energy resistance 1, electricity resistance, unbreathing,
petrification resistance, rot immunity, AC +4
a: no special abilities


You were on level 4 of the Dungeon.
You were very hungry.

You visited 1 branch of the dungeon, and saw 4 of its levels.
You also visited: Sewer.

You collected 193 gold pieces.

Inventory:

Hand Weapons
 a - a +0 flail
 c - a +0 whip of venom (weapon)
 u - a +0 whip of draining
Missiles
 d - 3 throwing nets (quivered)
Armour
 s - a +0 plate armour (worn)
 y - a +2 pair of gloves (worn)
 A - a +0 helmet (worn)
Jewellery
 j - an uncursed ring of sustain attributes
 k - a ring of magical power (left hand)
 t - a ring of see invisible (right hand)
Wands
 o - a wand of confusion (22/48)
Scrolls
 b - a scroll of enchant armour {unknown}
 g - a scroll of blinking {unknown}
 l - 2 scrolls of identify
 n - 6 scrolls of remove curse
 v - 2 scrolls of fog {unknown}
 x - a scroll of recharging {unknown}
Potions
 e - a potion of cancellation {unknown}
 h - 2 potions of lignification
 p - 2 potions of flight {unknown}
 q - 2 potions of invisibility
 r - a potion of mutation {unknown}
 z - a potion of heal wounds {unknown}
Comestibles
 f - a bread ration
 i - 3 fruits
 m - 2 meat rations
 w - a beef jerky


   Skills:
 + Level 3.3 Fighting
 * Level 4.9 Maces & Flails
 - Level 1.7 Throwing
 + Level 2.8 Armour
 * Level 4.1 Dodging


You had 5 spell levels left.
You didn't know any spells.

Dungeon Overview and Level Annotations

Branches:
Dungeon (4/15)
 Temple: D:4-7

Altars:
Nemelex Xobeh
The Shining One

Annotations:
D:4 WereVolvo's ghost, amateur DsGl


Innate Abilities, Weirdness & Mutations

You are resistant to torment.
Your stone body is resilient (AC +4).
You are immune to poison.
You resist negative energy.
You are resistant to electric shocks.
You can survive without breathing.
You are immune to petrification.
You are immune to rotting.


Message History

The orc is heavily wounded.
You hit the orc.
The orc looks even sicker.
The orc is almost dead.
You kill the orc!
You hit the ogre.
The ogre is poisoned.
The ogre is lightly wounded.
The ogre barely misses you.
You hit the ogre.
The ogre is moderately wounded.
You hit the ogre.
The ogre is heavily wounded.
The ogre hits you with a giant spiked club!!
Ouch! That really hurt!
* * * LOW HITPOINT WARNING * * *
You are too injured to fight recklessly!
You are too injured to fight recklessly!
WereVolvo's ghost turns its malevolent gaze towards you.
The ogre looks more healthy.
The ogre hits you with a giant spiked club!
You die...

.......####.# #.#
#..w.......
#.<....# #.#
#..........
#..##### #.#
#......%...
##.### #.#
............
#....# #.#
##..........#
#....# #.#
#..........#
#....# #W#
...........#
#....# #O#
##.####++####
#....# #@#
#....## #.#
#.....# #.#
#.....# #.####
#.....# #....#
#####.####...##
#..#.....#
##.#.#...##
########.#.#....#


You could see an ogre and WereVolvo's ghost.

Vanquished Creatures
  Purgy (Sewer)
  2 wights (D:3)
  2 worker ants
  4 gnolls (D:3)
  5 adders
  2 worms
  3 dart slugs
  3 giant geckos (D:2)
  2 orcs
  8 giant cockroaches
  4 goblins
  9 hobgoblins
  A quokka (D:2)
  A ball python (D:2)
  6 bats
  5 giant newts
  18 kobolds
  10 rats
  A plant (D:2)
87 creatures vanquished.

Notes
Turn   | Place    | Note
--------------------------------------------------------------
     0 | D:1      | epen the Gargoyle Gladiator began the quest for the Orb.
     0 | D:1      | Reached XP level 1. HP: 12/12 MP: 1/1
   135 | D:1      | Reached XP level 2. HP: 17/17 MP: 2/2
   697 | D:2      | Reached XP level 3. HP: 22/22 MP: 3/3
   706 | D:2      | Reached skill level 1 in Armour
   799 | D:2      | Found a glowing golden altar of the Shining One.
  1050 | D:2      | Reached XP level 4. HP: 18/27 MP: 4/4
  1624 | D:3      | Reached XP level 5. HP: 28/32 MP: 5/5
  2250 | D:4      | Found a sparkling altar of Nemelex Xobeh.
  2305 | D:3      | Reached XP level 6. HP: 15/37 MP: 6/6
  2379 | D:4      | Noticed WereVolvo's ghost (amateur DsGl)
  2580 | D:4      | Found a glowing drain.
  2585 | Sewer    | Entered a sewer
  2685 | Sewer    | Noticed Purgy
  2704 | Sewer    | Killed Purgy
  2849 | D:4      | Slain by an ogre

Skill      XL: |  1  2  3  4  5  6 |
---------------+-------------------+-----
Armour         | 1 2 |  2.8
Dodging        | 3 4 |  4.1
Maces & Flails | 4 |  4.9
Fighting       | 3 |  3.3
Throwing       | |  1.7

Action                   |  1- 3 |  4- 6 || total
-------------------------+-------+-------++-------
Melee: Flail             |   133 |   173 ||   306
       Whip              |       |   134 ||   134
  Use: Scroll            |       |     6 ||     6
  Eat: Chunk             |     1 |     5 ||     6
Armor: Scale mail        |    93 |       ||    93
       Plate armour      |       |   249 ||   249
Dodge: Dodged            |    76 |   105 ||   181
